 Seeded DCSS version 0.28.0-47-ge53b351184 (webtiles) character file.

Game seed: 523019199727972820 (custom seed)

7099 thiscave3701365 the Cleaver (level 10, 0/91 HPs)
             Began as a Minotaur Berserker on May 9, 2022.
             Was a Priest of Trog.
             Slain by Josephine
             ... wielding a +0 dagger
              (2 damage)
             ... on level 10 of the Dungeon.
             The game lasted 00:08:30 (13157 turns).

thiscave3701365 the Cleaver (Minotaur Berserker)   Turns: 13157, Time: 00:08:31

Health: 0/91       AC: 19    Str: 23    XL:     10   Next: 84%
Magic:  9/9        EV:  2    Int:  4    God:    Trog [***...]
Gold:   501        SH: 13    Dex: 10    Spells: 9/9 levels left

rFire   . . .      SeeInvis .   o - +0 broad axe
rCold   + . .      Faith    .   A - +0 tower shield
rNeg    . . .      Spirit   .   w - +0 crystal plate armour
rPois   +          Reflect  .   (helmet restricted)
rElec   +          Harm     .   (no cloak)
rCorr   .          Rampage  .   (no gloves)
Will    .....                   (no boots)
Stlth   ..........              x - amulet of regeneration
HPRegen 1.05/turn               b - ring "Olaof" {+Blink rElec rPois rC+ Str-3}
MPRegen 0.11/turn               (no ring)

@: on berserk cooldown, slowed, very slow
A: horns 2, retaliatory headbutt
a: Renounce Religion, Evoke Blink, Berserk, Trog's Hand


You were on level 10 of the Dungeon.
You worshipped Trog.
Trog was most pleased with you.
You visited 1 branch of the dungeon, and saw 10 of its levels.

You collected 501 gold pieces.

Inventory:

Hand Weapons
 o - a +0 broad axe (weapon)
Missiles
 i - 2 throwing nets
Armour
 w - a +0 crystal plate armour (worn)
 A - a +0 tower shield (worn)
Jewellery
 b - the ring "Olaof" (left hand) {+Blink rElec rPois rC+ Str-3}
   (You acquired it on level 6 of the Dungeon)

   [ring of protection from cold]

   Str:       It affects your strength (-3).
   rC:        It protects you from cold.
   rElec:     It insulates you from electricity.
   rPois:     It protects you from poison.
   +Blink:    It lets you blink.
 h - an amulet of guardian spirit
 x - an amulet of regeneration (around neck)
Wands
 s - a wand of paralysis (9)
 v - a wand of flame (23)
Scrolls
 c - a scroll of fog
 e - 3 scrolls of teleportation
 j - a scroll of immolation {unknown}
 l - a scroll of vulnerability
 m - 2 scrolls of blinking
 q - 3 scrolls of identify
 t - 2 scrolls of summoning
Potions
 a - a potion of cancellation {unknown}
 d - 2 potions of curing
 f - 2 potions of berserk rage
 g - a potion of resistance
 k - a potion of might
 n - 2 potions of invisibility
 p - a potion of heal wounds
 r - a potion of lignification
 z - a potion of mutation


   Skills:
 + Level 9.5 Fighting
 + Level 12.9 Axes
 + Level 9.3 Armour
 + Level 5.5 Dodging
 + Level 3.1 Stealth
 + Level 6.0 Shields


You had 9 spell levels left.
You didn't know any spells.
Your spell library was empty.

Dungeon Overview and Level Annotations

Branches:
Dungeon (10/15)            Temple (0/1) D:4
   Lair: D:8-11         Orc: D:9-12

Altars:
Ashenzari
Nemelex Xobeh

Shops:
D:7 *

Annotations:
D:3 3 runed translucent doors, RatsInWalls's ghost, novice VSMo
D:9 1 runed translucent door, ShadowYui's ghost, journeyman HuFi
D:10 Josephine


Innate Abilities, Weirdness & Mutations

You have a pair of horns on your head.
You reflexively headbutt those who attack you in melee.


Message History

Josephine hits you with a +0 dagger. You block the wraith's attack.
Your life force feels restored.
You are too injured to fight recklessly!
Unknown command.
You are too injured to fight recklessly!
Unknown command.
You are too injured to fight recklessly!
Unknown command.
You slash Josephine! Your headbutt misses Josephine.
Josephine is severely wounded.
You hit the wraith but do no damage. You hit the yak. You slash the yak!
The yak gores you. You block Josephine's attack.
The wraith hits you but does no damage. The yak gores you but does no damage.
You block Josephine's attack. The yak gores you! x2
The wraith completely misses you. You furiously retaliate!
You headbutt the wraith! You closely miss Josephine.
Josephine is severely wounded.
You barely miss the yak. You hit the yak. You barely miss the yak.
You slash the wraith!
You are no longer corroded.
The yak gores you!
* * * LOW HITPOINT WARNING * * *
The yak barely misses you. You furiously retaliate!
You headbutt the yak! Josephine draws life force from you!
* * * LOW HITPOINT WARNING * * *
Josephine is healed by the life force!
The yak gores you.
* * * LOW HITPOINT WARNING * * *
You block the wraith's attack.
You are no longer berserk.
You are exhausted.
You feel as though you will be slow longer.
The yak gores you but does no damage.
There is a stone staircase leading up here.
The yak gores you!
* * * LOW HITPOINT WARNING * * *
The yak gores you.
* * * LOW HITPOINT WARNING * * *
Josephine hits you with a +0 dagger.
You die...

. ..
...#########....
#.....YY@.......
#......@Y.......
#......W.####...
#........# .
#........#
#........#
#........#
#........#
##########


You could see Josephine, 3 yaks and a wraith.

Vanquished Creatures
  A hydra (D:9)
  A two-headed ogre (D:8)
  Grinder (D:5)
  A hornet (D:9)
  2 wraiths (D:10)
  10 yaks
  A steam dragon (D:6)
  Menkaure (D:5)
  2 acid dragons
  3 orc warriors
  A black bear (D:8)
  A sky beast (D:7)
  A necrophage (D:6)
  4 ogres
  3 centaurs
  A phantom (D:4)
  2 kobold brigands
  A bullfrog (D:7)
  A wyvern zombie (D:6)
  4 scorpions
  A wyvern skeleton (D:6)
  5 killer bees (D:9)
  9 wights
  A howler monkey (D:4)
  A centaur zombie (D:6)
  5 orc priests
  2 gnoll shamans
  A jelly (D:6)
  3 hounds
  5 iguanas
  9 orc wizards
  A hound zombie (D:5)
  A hound skeleton (D:4)
  6 gnolls
  A howler monkey zombie (D:9)
  8 adders
  A white imp (D:7)
  An ufetubus (D:5)
  An adder skeleton (D:4)
  3 worms
  A dart slug (D:4)
  23 orcs
  11 endoplasms
  3 giant cockroaches
  4 goblins
  5 hobgoblins
  6 quokkas
  8 ball pythons
  6 bats
  A frilled lizard (D:1)
  15 kobolds
  8 rats
198 creatures vanquished.

Vanquished Creatures (others)
  18 plants (D:5)
18 creatures vanquished.

Grand Total: 216 creatures vanquished

Notes
Turn   | Place    | Note
-------+----------+-------------------------------------------
     0 | D:1      | thiscave3701365 the Minotaur Berserker began the quest for
                  | the Orb.
     0 | D:1      | Reached XP level 1. HP: 19/19 MP: 0/0
   307 | D:1      | Reached skill level 4 in Axes
   307 | D:1      | Reached XP level 2. HP: 26/27 MP: 1/1
   846 | D:1      | Found a faded altar of an unknown god.
  1289 | D:2      | Reached XP level 3. HP: 33/33 MP: 2/2
  1650 | D:2      | Reached ** piety under Trog
  1663 | D:2      | Found a broken altar of Ashenzari.
  2284 | D:3      | Reached XP level 4. HP: 32/41 MP: 3/3
  2379 | D:3      | Found a runed translucent gate.
  2645 | D:3      | Found a runed translucent gate.
  2645 | D:3      | Found a runed translucent gate.
  2672 | D:3      | Noticed RatsInWalls's ghost (novice VSMo)
  3325 | D:4      | Reached skill level 5 in Axes
  3362 | D:4      | Reached XP level 5. HP: 38/47 MP: 4/4
  3376 | D:4      | Reached skill level 5 in Fighting
  3767 | D:4      | Reached skill level 1 in Stealth
  4204 | D:4      | Reached skill level 6 in Axes
  4204 | D:4      | Reached XP level 6. HP: 56/56 MP: 5/5
  4222 | D:4      | Reached *** piety under Trog
  4799 | D:4      | Found a staircase to the Ecumenical Temple.
  4847 | D:4      | Reached XP level 7. HP: 62/62 MP: 6/6
  4863 | D:4      | Reached skill level 7 in Axes
  5106 | D:5      | Entered Level 5 of the Dungeon
  5106 | D:5      | Noticed Menkaure
  6370 | D:5      | Killed Menkaure
  6599 | D:5      | Reached skill level 8 in Axes
  6700 | D:5      | Noticed Grinder
  6709 | D:5      | Killed Grinder
  6710 | D:5      | Reached XP level 8. HP: 71/71 MP: 7/7
  6946 | D:5      | Reached skill level 5 in Dodging
  7324 | D:5      | Reached skill level 9 in Axes
  8370 | D:6      | Reached skill level 10 in Axes
  9127 | D:6      | Identified a scroll of acquirement
  9127 | D:6      | Acquired the ring "Olaof" {+Blink rElec rPois rC+ Str-3}
  9207 | D:7      | Reached XP level 9. HP: 79/79 MP: 8/8
  9388 | D:7      | Reached skill level 5 in Armour
  9584 | D:7      | Reached skill level 1 in Shields
  9786 | D:7      | Found a sparkling altar of Nemelex Xobeh.
  9891 | D:7      | Found Poej's Elemental Accessories.
 10265 | D:8      | Noticed a two-headed ogre
 10276 | D:8      | Killed a two-headed ogre
 10277 | D:8      | Reached skill level 11 in Axes
 10948 | D:9      | Found a runed translucent door.
 10952 | D:9      | Noticed ShadowYui's ghost (journeyman HuFi)
 10980 | D:9      | Paralysed by a hornet for 2 turns
 11267 | D:9      | Reached XP level 10. HP: 90/90 MP: 9/9
 12013 | D:9      | Noticed a seven-headed hydra
 12022 | D:9      | Killed a 13-headed hydra
 12023 | D:9      | Reached skill level 12 in Axes
 12271 | D:8      | Reached skill level 5 in Shields
 13139 | D:10     | Entered Level 10 of the Dungeon
 13140 | D:10     | Noticed Josephine
 13157 | D:10     | HP: 4/91 [yak (9)]
 13157 | D:10     | Slain by Josephine

Illustrated notes

Levels and vault maps discovered:
D:1:      minmay_arrival_floating_metal, layout_loops_corners,
          shapermc_ecumenical_altar_notcrosses, minivault_11
D:2:      layout_basic, basic_altar
D:3:      layout_basic, gammafunk_ghost_icy
D:4:      minmay_chambers_of_twos, layout_loops_cross,
          minmay_temple_entry_fiery, minmay_fractal_squares_5, uniq_ijyb
D:5:      layout_rooms, serial_bayou_lagoon_a, uniq_grinder, uniq_menkaure
D:6:      layout_loops_ring, grunt_decor_fettered, kennysheep_small_circle
D:7:      layout_loops_ring, mainiacjoe_overflow_small_starburst,
          nicolae_elemental_shop
D:8:      layout_rooms
D:9:      layout_stronghold, ebering_ghost_reflecting_pool
D:10:     layout_small_grid, erik_lair_island, uniq_urug, uniq_nergalle,
          uniq_josephine, uniq_erica

Skill      XL: |  1  2  3  4  5  6  7  8  9 10 |
---------------+-------------------------------+-----
Axes           | 4 5 6 8 10 11 12 | 12.9
Fighting       | 4 5 6 7 8 9 |  9.5
Armour         | 3 4 7 9 |  9.3
Dodging        | 3 4 5 |  5.5
Stealth        | 1 2 3 |  3.1
Shields        | 3 6 |  6.0

Action                   |  1- 3 |  4- 6 |  7- 9 | 10-12 || total
-------------------------+-------+-------+-------+-------++-------
Melee: Hand axe          |    69 |   100 |   235 |    31 ||   435
       Headbutt          |     7 |    17 |    54 |    28 ||   106
       Punch             |     1 |     1 |       |       ||     2
       Broad axe         |       |       |       |    89 ||    89
Invok: Berserk           |       |     6 |    23 |     6 ||    35
  Use: Scroll            |     5 |       |    10 |       ||    15
 Stab: Sleeping          |       |       |     1 |       ||     1
Armor: Animal skin       |     8 |    14 |    10 |       ||    32
       Crystal plate arm |       |       |    56 |   114 ||   170
       Chain mail        |       |       |     6 |       ||     6
Dodge: Dodged            |    36 |    66 |    42 |    14 ||   158
Block: Tower shield      |       |       |    59 |   109 ||   168
